 Dungeon Crawl Stone Soup version 0.23.2-1-ga50397a (webtiles) character file.

Game seed: 14265222847428693529

2272 Leeroy the Destroyer (level 9, -6/71 HPs)
             Began as a White Draconian Conjurer on Apr 14, 2019.
             Was a Believer of Sif Muna.
             Mangled by a bullfrog (8 damage)
             ... on level 6 of the Dungeon.
             The game lasted 00:23:25 (6875 turns).

Leeroy the Destroyer (White Draconian Conjurer)     Turns: 6875, Time: 00:23:26

Health: -6/71      AC: 10    Str: 12    XL:     9   Next: 16%
Magic:  3/16       EV: 13    Int: 18    God:    Sif Muna [**....]
Gold:   13         SH:  0    Dex: 11    Spells: 4/18 levels left

rFire    . . .     SeeInvis .   j - +2 dagger (speed)
rCold    + . .     Gourm    .   (no shield)
rNeg     . . .     Faith    .   (armour unavailable)
rPois    .         Spirit   .   (helmet restricted)
rElec    .         Reflect  .   (no cloak)
rCorr    .         Harm     .   (no gloves)
MR       .....                  F - +2 pair of boots
Stlth    ++........             (no amulet)
HPRegen  0.21/turn              (no ring)
MPRegen  0.15/turn              (no ring)

@: no status effects
A: breathe frost, unfitting armour, cold resistance 1, cold-blooded, AC +7
a: Breathe Frost, Divine Energy, Renounce Religion


You were on level 6 of the Dungeon.
You worshipped Sif Muna.
Sif Muna was pleased with you.
You were not hungry.

You visited 2 branches of the dungeon, and saw 7 of its levels.

You collected 238 gold pieces.
You spent 225 gold pieces at shops.

Inventory:

Hand Weapons
 d - a +0 dagger
 j - a +2 dagger of speed (weapon)
 m - a +0 short sword
 r - a +0 flail
 u - a +0 rapier
 w - a +0 spear
 y - a +0 falchion
 H - a +0 spear
 I - a +0 shortbow
 L - a +1 hand axe of flaming
 M - a +2 whip of flaming
Missiles
 c - 213 stones
 e - 8 tomahawks (quivered)
 l - 57 bolts
 A - 46 arrows
 E - 32 sling bullets
Armour
 F - a +2 pair of boots (worn)
Jewellery
 g - an uncursed amulet of faith {unknown}
 J - an uncursed ring of poison resistance {unknown}
Wands
 s - a wand of digging (6)
 G - a wand of scattershot (5)
Scrolls
 a - 7 scrolls of remove curse {unknown}
 f - 5 scrolls of amnesia {unknown}
 i - 3 scrolls of fog {unknown}
 n - 7 scrolls of identify {unknown}
 p - 4 scrolls of teleportation {unknown}
 x - a scroll of immolation {unknown}
 z - a scroll of enchant armour {unknown}
 D - 2 scrolls of magic mapping {unknown}
 K - a scroll of random uselessness {unknown}
Potions
 h - a potion of heal wounds
 k - 2 potions of mutation {unknown}
 o - 3 potions of curing {unknown}
 q - 3 potions of degeneration
 t - 2 potions of brilliance {unknown}
 v - a potion of cancellation {unknown}
 B - a potion of haste {unknown}
 C - a potion of berserk rage {unknown}
Comestibles
 b - 10 rations
 N - 3 chunks of flesh


   Skills:
 - Level 4.2 Fighting
 - Level 3.0(3.2) Short Blades
 + Level 1.6(2.5) Long Blades
 - Level 0.3 Polearms
 - Level 3.0 Dodging
 - Level 1.7 Stealth
 - Level 5.1 Spellcasting
 - Level 8.0 Conjurations
 - Level 5.2 Hexes


You had 4 spell levels left.
You knew the following spells:

 Your Spells              Type           Power        Failure   Level  Hunger
a - Magic Dart            Conj           ####         1%          1    None
b - Searing Ray           Conj           ####..       1%          2    #......
c - Dazzling Spray        Conj/Hex       ####..       2%          3    ##.....
d - Iskenderun's Mystic   Conj           ####....     4%          4    ####...
e - Fulminant Prism       Conj/Hex       ####......   9%          4    ####...

Your spell library contained the following spells:

 Spells                   Type           Power        Failure   Level  Hunger
 Confusing Touch          Hex            ###...       1%          1    None
 Tukima's Dance           Hex            ###.....     4%          3    ##.....
 Force Lance              Conj/Tloc      ###.....     26%         4    ####...
 Passage of Golubria      Tloc           N/A          78%         4    ####...
 Metabolic Englaciation   Hex/Ice        ##........   77%         5    ######.
 Invisibility             Hex            ###.....     93%         6    #######


Dungeon Overview and Level Annotations

Branches:
Dungeon (6/15)             Temple (1/1) D:5

Altars:
Ashenzari
Cheibriados
Dithmenos
Elyvilon
Fedhas
Gozag
Hepliaklqana
Kikubaaqudgha
Makhleb
Nemelex Xobeh
Okawaru
Qazlal
Ru
Sif Muna
Trog
Uskayaw
Vehumet
Wu Jian
Zin

Shops:
D:5 [


Innate Abilities, Weirdness & Mutations

You can breathe waves of freezing cold.
You can buffet flying creatures when you breathe cold.
Your icy white scales are hard. (AC +7)
You cannot fit into any form of body armour.
Your flesh is cold resistant. (rC+)
You are cold-blooded and may be slowed by cold attacks.


Message History

You are no longer poisoned.
An orc comes into view.
The orc shouts!
You hear a shout!
A sky beast appears from thin air!
Reactivating autopickup.
The sky beast barely misses you.
The sky beast flickers out of sight!
Deactivating autopickup; reactivate with Ctrl-A.
Found a robe.
The orc priest invokes the aid of Beogh against you.
Beogh smites you!
You hear a shout!
The bullfrog hits you!
* * * LOW HITPOINT WARNING * * *
The bullfrog misses you.
The orc priest mumbles some strange prayers to Beogh against you.
Beogh smites you!
* * * LOW HITPOINT WARNING * * *
The bullfrog hits you!
You die...

.. ... ##.# ..F.. ...## .....
....# ..... .....
##..######..... ......
#.......#..... ......
#.........## .#....
#..........#####......
#...<@F...............
#...........o.......[. .
###.........#.o...#..#
#.####...[...............#
##..##.).).........l..##.#####
#.....[...........##....l....#
#.........####[..#####.....o.#
#............................#
#......#.###.#..######......o#


You could see a bullfrog, an iguana, an orc priest and an orc (wandering).

Vanquished Creatures
  Pikel (D:6)
  Grinder (D:3)
  A sky beast (D:5)
  3 ogres
  2 phantoms (D:6)
  A centaur (D:5)
  A bullfrog (D:6)
  2 scorpions (D:4)
  5 crimson imps
  A bullfrog zombie (D:5)
  2 hounds
  An orc priest (D:6)
  3 orc wizards
  An iguana (D:4)
  Ijyb (D:4)
  2 worker ants
  A worker ant zombie (D:5)
  Robin (D:3)
  3 gnolls (D:3)
  A howler monkey skeleton (D:4)
  12 adders
  2 oozes
  2 adder skeletons
  4 worms (D:2)
  2 dart slugs
  7 leopard geckos
  11 orcs
  5 ball pythons
  8 bats
  5 giant cockroaches
  19 goblins
  10 hobgoblins
  11 jackals
  A quokka (D:4)
  A ball python skeleton (D:6)
  8 frilled lizards
  8 kobolds
  2 quokka skeletons (D:4)
  11 rats
163 creatures vanquished.

Vanquished Creatures (others)
  2 slaves (D:6)
  A bullfrog (D:6)
  A scorpion (D:6)
  An orc priest (D:6)
  2 adder skeletons (D:6)
  A leopard gecko (D:6)
  3 orcs (D:6)
  5 fulminant prisms
16 creatures vanquished.

Grand Total: 179 creatures vanquished

Notes
Turn   | Place    | Note
-------+----------+-------------------------------------------
     0 | D:1      | Leeroy the Draconian Conjurer began the quest for the Orb.
     0 | D:1      | Reached XP level 1. HP: 14/14 MP: 3/3
    99 | D:1      | Reached XP level 2. HP: 7/20 MP: 1/5
   103 | D:1      | Learned a level 2 spell: Searing Ray
   234 | D:1      | HP: 1/20 [jackal (2)]
   750 | D:1      | Reached skill level 5 in Conjurations
   759 | D:1      | Reached XP level 3. HP: 16/26 MP: 1/6
   777 | D:1      | Learned a level 3 spell: Dazzling Spray
  1393 | D:2      | Reached XP level 4. HP: 18/33 MP: 3/7
  1507 | D:2      | Found an ornate altar of the Wu Jian Council.
  1880 | D:3      | Reached skill level 6 in Conjurations
  2099 | D:3      | Found a deep blue altar of Sif Muna.
  2108 | D:3      | Became a worshipper of Sif Muna the Loreminder
  2174 | D:3      | Found a stormy altar of Qazlal.
  2321 | D:3      | Reached skill level 1 in Fighting
  2321 | D:3      | Reached XP level 5. HP: 39/41 MP: 4/8
  2333 | D:3      | Found a burning altar of Makhleb.
  2415 | D:3      | Found a shattered altar of Ashenzari.
  2444 | D:3      | Reached skill level 1 in Hexes
  2520 | D:3      | Noticed Robin
  2573 | D:3      | Killed Robin
  2755 | D:3      | Found a white marble altar of Elyvilon.
  2854 | D:3      | Reached * piety under Sif Muna
  2907 | D:4      | Reached XP level 6. HP: 32/48 MP: 4/9
  3044 | D:4      | Found a radiant altar of Vehumet.
  3176 | D:4      | Noticed Grinder
  3177 | D:4      | Noticed Ijyb
  3191 | D:3      | Paralysed by Grinder for 3 turns
  3218 | D:3      | Killed Grinder
  3218 | D:3      | Your scales start taking on an icy white colour.
  3218 | D:3      | Reached XP level 7. HP: 10/53 MP: 1/13
  3218 | D:3      | Gained mutation: Your flesh is cold resistant. (rC+) [White
                  | Draconian growth]
  3472 | D:3      | Learned a level 4 spell: Iskenderun's Mystic Blast
  3477 | D:3      | Learned a level 4 spell: Fulminant Prism
  3553 | D:4      | Killed Ijyb
  3666 | D:4      | Reached skill level 5 in Spellcasting
  3871 | D:5      | Entered Level 5 of the Dungeon
  4118 | D:5      | HP: 2/53 [iguana (12)]
  4416 | D:4      | Reached ** piety under Sif Muna
  4693 | D:5      | Found Buicir's Antique Armour Emporium.
  4696 | D:5      | Bought a pair of glowing boots for 225 gold pieces
  4992 | D:5      | Found a staircase to the Ecumenical Temple.
  5006 | Temple   | Entered the Ecumenical Temple
  5020 | Temple   | Reached skill level 1 in Short Blades
  5935 | D:5      | Reached XP level 8. HP: 43/61 MP: 7/15
  6360 | D:5      | Found an iron altar of Okawaru.
  6366 | D:5      | Identified the Guide on Dislocated Malediction
  6391 | D:5      | Reached skill level 5 in Hexes
  6623 | D:6      | Noticed Pikel
  6657 | D:6      | Killed Pikel
  6657 | D:6      | Reached skill level 7 in Conjurations
  6663 | D:6      | Reached skill level 8 in Conjurations
  6663 | D:6      | Reached XP level 9. HP: 43/71 MP: 4/16
  6818 | D:6      | Reached skill level 1 in Long Blades
  6875 | D:6      | HP: 2/71 [orc priest/divine providence (15)]
  6875 | D:6      | Mangled by a bullfrog

Skill      XL: |  1  2  3  4  5  6  7  8  9 |
---------------+----------------------------+-----
Conjurations   | 5 6 8 |  8.0
Fighting       | 1 4 |  4.2
Hexes          | 2 4 5 |  5.2
Spellcasting   | 4 5 |  5.1
Short Blades   | 3 |  3.0
Dodging        | 3 |  3.0
Long Blades    | 1 |  1.6
Polearms       | |  0.3
Stealth        | |  1.7

Action                   |  1- 3 |  4- 6 |  7- 9 || total
-------------------------+-------+-------+-------++-------
Melee: Dagger            |   132 |   206 |   387 ||   725
       Tailslap          |    10 |    15 |    38 ||    63
Throw: Stone             |       |     2 |       ||     2
       Tomahawk          |       |     1 |       ||     1
 Cast: Magic Dart        |    25 |    20 |     7 ||    52
       Searing Ray       |    10 |    15 |    13 ||    38
       Dazzling Spray    |     1 |     3 |     9 ||    13
       Iskenderun's Myst |       |       |    11 ||    11
       Fulminant Prism   |       |       |     5 ||     5
  Use: Potion            |       |       |     3 ||     3
 Stab: Sleeping          |     1 |     2 |       ||     3
       Invisible         |       |     2 |     1 ||     3
  Eat: Chunk             |     3 |     7 |    12 ||    22
       Ration            |       |       |     1 ||     1
Armor: Skin              |    50 |    64 |    95 ||   209
Dodge: Dodged            |   134 |   135 |   144 ||   413
